 Dungeon Crawl Stone Soup version 0.19.5 (webtiles) character file.

9 Kalash the Grasshopper (level 2, -3/26 HPs)
             Began as a Naga Warper on Apr 22, 2017.
             Slain by a leopard gecko (4 damage)
             ... on level 1 of the Dungeon.
             The game lasted 00:00:42 (454 turns).

Kalash the Grasshopper (Naga Warper)                 Turns: 454, Time: 00:00:43

Health: -3/26      AC:  2    Str: 13    XL:     2   Next: 16%
Magic:  5/5        EV:  9    Int: 13    God:
Gold:   31         SH:  0    Dex: 10    Spells: 0 memorised, 5 levels left

rFire  . . .     SeeInvis +     a - +0 falchion
rCold  . . .     Gourm    .     b - +0 leather armour
rNeg   . . .     Faith    .     (no shield)
rPois  +         Spirit   .     (no helmet)
rElec  .         Reflect  .     (no cloak)
rCorr  .         Harm     .     (no gloves)
MR     .....                    (no barding)
Stlth  +.........               (no amulet)
                                (no ring)
                                (no ring)

@: very slow
A: see invisible, deformed body, poison resistance, slowness 2, slow metabolism
1, spit poison 1, AC +0
a: Spit Poison


You were on level 1 of the Dungeon.
You were not hungry.

You visited 1 branch of the dungeon, and saw 1 of its levels.

You collected 31 gold pieces.

Inventory:

Hand Weapons
 a - a +0 falchion (weapon)
Missiles
 e - 5 tomahawks of dispersal (quivered)
Armour
 b - a +0 leather armour (worn)
Scrolls
 d - a scroll of blinking
 i - a scroll of identify {unknown}
 j - a scroll of immolation {unknown}
Potions
 g - a potion of might {unknown}
 h - a potion of invisibility {unknown}
 k - a potion of degeneration {unknown}
Books
 c - a book of Spatial Translocations

   Spells                             Type                      Level
   a - Blink                          Translocation                2
   b - Shroud of Golubria             Charms/Translocation         2
   c - Lesser Beckoning               Translocation                3
   d - Portal Projectile              Translocation                3
   e - Teleport Other                 Translocation                3
   f - Passage of Golubria            Translocation                4
Comestibles
 f - a bread ration


   Skills:
 - Level 2.0 Fighting
 * Level 2.6 Long Blades
 - Level 0.8 Throwing
 - Level 0.7 Armour
 - Level 1.5 Dodging
 + Level 1.2 Stealth
 - Level 2.0 Spellcasting
   Level 3.0 Translocations


You had 5 spell levels left.
You didn't know any spells.

Dungeon Overview and Level Annotations

Branches:
Dungeon (1/15)

Altars:


Innate Abilities, Weirdness & Mutations

You cannot wear boots.
Your serpentine skin is tough. (AC +0)
You have supernaturally acute eyesight. (SInv)
Armour fits poorly on your strangely shaped body.
Your system is resistant to poisons. (rPois)
You cover ground very slowly.
You have a slow metabolism.
You can spit poison.


Message History

You are too injured to fight recklessly!
You are too injured to fight recklessly!
You are too injured to fight recklessly!
You are too injured to fight recklessly!
You barely miss the kobold. The kobold hits you with a short sword.
* * * LOW HITPOINT WARNING * * *
You barely miss the kobold. The kobold hits you with a short sword.
* * * LOW HITPOINT WARNING * * *
A leopard gecko comes into view.
You miss the kobold. The kobold hits you but does no damage.
You miss the kobold. The kobold hits you but does no damage.
You hit the kobold but do no damage. The kobold hits you with a short sword.
* * * LOW HITPOINT WARNING * * *
The kobold closely misses you.
You riposte.
You hit the kobold but do no damage. You hit the kobold.
You kill the kobold!
The leopard gecko bites you but does no damage.
The leopard gecko bites you.
You die...

.###.#..#.#......# #.## ####
.....#.##.##.##..###..### #...
#.........##..##.....######.<.
.....#.##.#####..##..##...##.....
.###.#.#.........#.#..###.....###
...........#...###...##....#
.............#### #........###
####..........####.#######.....#
#............@...# ####...
......######.l....# #### ##...#
#w.....# #... ........#
#........# #........# ....####..
..... ...


You could see a dart slug and a leopard gecko.

Vanquished Creatures
  A goblin (D:1)
  3 hobgoblins (D:1)
  A frilled lizard (D:1)
  A kobold (D:1)
  4 rats (D:1)
10 creatures vanquished.

Notes
Turn   | Place    | Note
-------+----------+-------------------------------------------
     0 | D:1      | Kalash the Naga Warper began the quest for the Orb.
     0 | D:1      | Reached XP level 1. HP: 19/19 MP: 3/3
   196 | D:1      | Reached skill level 1 in Stealth
   196 | D:1      | Reached XP level 2. HP: 9/26 MP: 5/5
   452 | D:1      | HP: 1/26 [kobold/short sword (2)]
   454 | D:1      | Slain by a leopard gecko

Skill      XL: |  1 |
---------------+----+-----
Stealth        | 1 |  1.2
Fighting       | |  2.0
Long Blades    | |  2.6
Throwing       | |  0.8
Armour         | |  0.7
Dodging        | |  1.5
Spellcasting   | |  2.0
Translocations | |  3.0

Action                   || total
-------------------------++-------
Melee: Falchion          ||    40
Armor: Leather armour    ||     9
Dodge: Dodged            ||    18
       Rpst.: Falchion   ||     9
